 Dungeon Crawl Stone Soup version 0.30-a0-394-g3e4acdb0ae (webtiles) character file.

Game seed: 11425609596020400584

123 Ijustatesigmund the Magician (level 4, -2/24 HPs)
             Began as a Deep Elf Fire Elementalist on Dec 6, 2022.
             Slain by a gnoll
             ... wielding a +0 flail
             ... led by a gnoll bouda
              (5 damage)
             ... on level 3 of the Dungeon.
             The game lasted 00:06:27 (2275 turns).

Ijustatesigmund the Magician (DEFE)                 Turns: 2275, Time: 00:06:28

Health: -2/24      AC:  4    Str:  5    XL:     4   Next: 80%
Magic:  16/21      EV: 12    Int: 22    God:
Gold:   154        SH:  0    Dex: 15    Spells: 8/11 levels left

rFire   . . .      SeeInvis .    h - +2 sling (freeze)
rCold   . . .      Faith    .    (no shield)
rNeg    . . .      Spirit   .    a - +1 robe
rPois   .          Reflect  .    (no helmet)
rElec   .          Harm     .    (no cloak)
rCorr   .          Rampage  .    i - +0 pair of gloves
Will    .....                    (no boots)
Stlth   ++........               (no amulet)
HPRegen 0.24/turn                f - ring of magical power
MPRegen 0.17/turn                (no ring)

@: weakened
A: no striking features
a: no special abilities


You were on level 3 of the Dungeon.
You visited 1 branch of the dungeon, and saw 4 of its levels.

You collected 154 gold pieces.

Inventory:

Hand Weapons
 e - a +2 vorpal quarterstaff
 h - a +2 sling of freezing (weapon)
Armour
 a - a +1 robe (worn)
 i - a +0 pair of gloves (worn)
Jewellery
 f - a ring of magical power (left hand)
Wands
 r - a wand of roots (6)
Potions
 b - a potion of magic
 c - a potion of lignification
 d - a potion of flight
 j - a potion of haste
 k - a potion of attraction
 l - a potion of heal wounds {unknown}
 n - a potion of curing {unknown}
 p - a potion of cancellation {unknown}


   Skills:
 + Level 2.4 Ranged Weapons
 - Level 2.4 Dodging
 - Level 2.4 Stealth
 + Level 4.3 Spellcasting
 + Level 2.6 Conjurations
 + Level 4.2 Fire Magic


You had 8 spell levels left.
You knew the following spells:

 Your Spells              Type           Power      Damage    Failure   Level
a - Foxfire               Conj/Fire      76%        2x1d7     2%          1
b - Scorch                Fire           46%        2d7       2%          2

Your spell library contained the following spells:

 Spells                   Type           Power      Damage    Failure   Level
 Beastly Appendage        Tmut           8%         N/A       11%         1
 Inner Flame              Hex/Fire       14%        N/A       14%         3
 Wereblood                Tmut           4%         N/A       16%         2
 Kindle Blastsparks       Fire/Tloc/Air  22%        2d11      19%         3
 Flame Wave               Conj/Fire      19%        2d7       26%         4
 Spider Form              Tmut/Pois      4%         N/A       32%         3


Dungeon Overview and Level Annotations

Branches:
Dungeon (4/15)
 Temple: D:4-7

Altars:

Shops:
D:1 [

Annotations:
D:4 Menkaure


Message History

Done exploring.
Done exploring.
(D) Dungeon
Where to? (Enter - D:3, ? - help)
There is a stone staircase leading down here.
You climb downwards.
Menkaure shouts!
The gnoll shouts! x2; The gnoll bouda shouts!
The gnoll shouts!
Found five items.
There is a stone staircase leading up here.
There are monsters nearby!
Casting: Scorch (safe; 2% risk of failure)
Confirm with . or Enter, or press ? or * to list all spells.
Flames lash Menkaure.
Menkaure is burned terribly!
Menkaure is moderately damaged.
Menkaure's fire resistance burns away.
The gnoll bouda gazes fiercely through you!
You feel your attacks grow feeble. The gnoll hits you with a +0 flail.
The gnoll hits you with a +0 flail! The gnoll barely misses you.
The gnoll bouda gazes fiercely through you!
You feel as though you will be weak longer.
You climb upwards.
There is a stone staircase leading down here.
Casting: Scorch (safe; 2% risk of failure)
Confirm with . or Enter, or press ? or * to list all spells.
Flames lash the gnoll.
The gnoll is heavily wounded.
The gnoll's fire resistance burns away.
The gnoll hits you with a +0 flail. The gnoll closely misses you.
The gnoll closely misses you. The gnoll misses you.
Casting: Scorch (safe; 2% risk of failure)
Confirm with . or Enter, or press ? or * to list all spells.
Flames lash the gnoll.
The gnoll is heavily wounded.
The gnoll's fire resistance burns away.
The gnoll hits you with a +0 flail.
* * * LOW HITPOINT WARNING * * *
The gnoll hits you with a +0 flail.
You die...

#.............................#
#.............................#
#...........[.................#
########..#####..##.###########
######...###......#
#.........##).....#
#####.......#..#......#
................g....###
#####.......##..@......#
#.......##..g.."...#
##########.........#
#.........# #.........#
#.........# #.........#
###########


You could see 2 gnolls.

Vanquished Creatures
  A hound (D:3)
  2 adders (D:2)
  A worm (D:2)
  2 dart slugs (D:1)
  5 orcs (D:3)
  4 bats
  12 endoplasms
  3 giant cockroaches
  2 goblins
  3 hobgoblins
  4 jackals (D:2)
  2 quokkas (D:2)
  5 ball pythons
  3 frilled lizards (D:2)
  6 kobolds
  5 rats
60 creatures vanquished.

Vanquished Creatures (others)
  56 foxfires
  2 plants (D:1)
58 creatures vanquished.

Grand Total: 118 creatures vanquished

Notes
Turn   | Place    | Note
-------+----------+-------------------------------------------
     0 | D:1      | Ijustatesigmund the Deep Elf Fire Elementalist began the
                  | quest for the Orb.
     0 | D:1      | Reached XP level 1. HP: 10/10 MP: 6/6
   442 | D:1      | Reached XP level 2. HP: 15/15 MP: 8/8
   567 | D:1      | Found Gangou's Antique Armour Shoppe.
   736 | D:1      | Learned a level 2 spell: Scorch
   839 | D:1      | Reached skill level 1 in Ranged Weapons
  1034 | D:1      | Reached XP level 3. HP: 19/19 MP: 10/10
  1583 | D:2      | Reached XP level 4. HP: 24/24 MP: 12/12
  2268 | D:4      | Noticed Menkaure
  2275 | D:3      | Slain by a gnoll

Illustrated notes

Levels and vault maps discovered:
D:1:      ebering_hopf_link, layout_basic, serial_shops,
          nicolae_shop_overgrown_old_shop
D:2:      layout_basic
D:3:      layout_basic
D:4:      layout_layer_cave, small_statue_intersection, uniq_natasha,
          uniq_menkaure

Skill      XL: |  1  2  3  4 |
---------------+-------------+-----
Ranged Weapons | 1 2 |  2.4
Conjurations   | 2 |  2.6
Fire Magic     | 4 |  4.2
Spellcasting   | 4 |  4.3
Dodging        | |  2.4
Stealth        | |  2.4

Action                   |  1- 3 |  4- 6 || total
-------------------------+-------+-------++-------
 Fire: Sling             |    43 |    32 ||    75
 Cast: Foxfire           |    33 |       ||    33
       Scorch            |    10 |     5 ||    15
  Use: Scroll            |     1 |     9 ||    10
Armor: Robe              |     8 |     2 ||    10
Dodge: Dodged            |    24 |     7 ||    31

Table legend: (Time is in decaauts)
 A = Elapsed time spent in this place.
 B = Non-inter-level travel time spent in this place.
 C = Inter-level travel time spent in this place.
 D = Time resting spent in this place.
 E = Time spent auto-exploring this place.
 F = Levels seen in this place.
 G = Mean time per level.
                   A        B        C        D        E       F      G
               +--------+--------+--------+--------+--------+-----+--------+
         Total |   2297 |   2236 |     61 |    280 |   1600 |   4 |  574.2 |
       Dungeon |   2297 |   2236 |     61 |    280 |   1600 |   4 |  574.2 |
               +--------+--------+--------+--------+--------+-----+--------+

Top non-repeatable levels by time:
     D:1: 1059 daAuts
     D:2: 739 daAuts
     D:3: 495 daAuts
     D:4: 3 daAuts
